 Dungeon Sprint DCSS version 0.30.1-11-g7821555f0a (webtiles) character file.

Game seed: 6915334507203744481

1041 Groucho the Squelcher (level 8, -2/68 HPs)
             Began as a Demonspawn Gladiator on Jan 4, 2024.
             Was an Initiate of Jiyva.
             Slain by an efreet
             ... wielding a +4 scimitar of flaming
              (14 damage)
             ... in the Dungeon (Sprint IX: "|||||||||||||||||||||||||||||").
             The game lasted 00:01:40 (395 turns).

Groucho the Squelcher (Demonspawn Gladiator)         Turns: 395, Time: 00:01:40

Health: -2/68      AC: 13    Str: 16    XL:     8   Next: 4%
Magic:  15/15      EV: 15    Int: 10    God:    Jiyva [......]
Gold:   0          SH:  0    Dex: 20    Spells: 7/7 levels left

rFire   . . .        n - +3 war axe (vamp)
rCold   . . .        (no shield)
rNeg    . . .        o - +2 ring mail
rPois   .            c - +0 helmet
rElec   .            a - +0 cloak
rCorr   .            (no gloves)
SInv    .            (no boots)
Will    .....        (no amulet)
Stlth   ++           b - +3 ring of dexterity
HPRegen 0.31/turn    p - +2 ring of protection
MPRegen 0.14/turn

%: no teleportation
@: no status effects
A: claws 2, thin skeletal structure 1, foul stench 2
a: Renounce Religion


You were in the Dungeon.
You worshipped Jiyva.
Jiyva was noncommittal.
You visited 1 branch

Inventory:

Hand Weapons
 n - a +3 vampiric war axe (weapon)
Missiles
 d - 3 throwing nets (quivered)
 e - a javelin
Armour
 a - a +0 cloak (worn)
 c - a +0 helmet (worn)
 o - a +2 ring mail (worn)
Jewellery
 b - a +3 ring of dexterity (left claw)
 p - a +2 ring of protection (right claw)
Wands
 m - a wand of light (10)
Scrolls
 k - 2 scrolls of blinking
 l - 2 scrolls of amnesia
Potions
 f - 5 potions of curing
 i - 4 potions of magic


   Skills:
 + Level 8.2 Fighting
 + Level 7.8 Axes
 - Level 1.7 Throwing
 + Level 7.1 Armour
 + Level 7.8 Dodging
 + Level 10.2 Invocations


You had 7 spell levels left.
You didn't know any spells.
Your spell library was empty.

Dungeon Overview and Level Annotations

Branches:
Dungeon (1/1)

Altars:
Cheibriados
Dithmenos
Fedhas
Gozag
Hepliaklqana
Kikubaaqudgha
Makhleb
Nemelex Xobeh
Okawaru
Qazlal
Ru
Sif Muna
Trog
Uskayaw
Vehumet
Wu Jian
Xom
Yredelemnul
Jiyva
Lugonu


Innate Abilities, Weirdness & Mutations

You have very sharp fingernails.
You have a somewhat thin skeletal structure. (Dex +2, Stealth+)
You sometimes emit foul miasma when damaged in melee.


Message History

The efreet is severely wounded.
The efreet hits you with a +4 scimitar of flaming!
* * * LOW HITPOINT WARNING * * *
The efreet burns you.
* * * LOW HITPOINT WARNING * * *
Unknown command.
Unknown command.
You feel much better.
The efreet hits you with a +4 scimitar of flaming!
The efreet burns you.
* * * LOW HITPOINT WARNING * * *
You emit a cloud of foul miasma!
Unknown command.
You hit the efreet but do no damage.
The efreet is severely wounded.
The efreet misses you.
Unknown command.
Unknown command.
You barely miss the efreet.
The efreet is severely wounded.
The efreet gestures at you. The bolt of fire hits you!
* * * LOW HITPOINT WARNING * * *
Unknown command.
You feel much better.
The efreet hits you with a +4 scimitar of flaming.
* * * LOW HITPOINT WARNING * * *
The efreet burns you.
* * * LOW HITPOINT WARNING * * *
Unknown command.
Unknown command.
You feel much better. The efreet gestures at you. The bolt of fire hits you!!
* * * LOW HITPOINT WARNING * * *
Unknown command.
You completely miss the efreet.
The efreet is heavily wounded.
The efreet hits you with a +4 scimitar of flaming!
You die...

▓.▓
▓.▓
▓'▓
▓.▓
▓.▓
▓)▓
▓÷▓
▓.▓
▓@▓
▓R▓
▓Q▓
▓H▓
▓D▓
▓.▓
▓÷▓
▓.▓


You could see a seven-headed hydra, a tengu warrior, a manticore and an efreet.

Vanquished Creatures
  An ugly thing (D)
  A hornet (D)
  A yak (D)
  A wyvern (D)
  An acid dragon (D)
  An orc warrior (D)
  2 ogres (D)
  A howler monkey (D)
  2 adders (D)
  2 bats (D)
  A goblin (D)
  A hobgoblin (D)
  A quokka (D)
  A rat (D)
17 creatures vanquished.

Vanquished Creatures (others)
  A great orb of eyes (D)
  A great orb of eyes (shapeshifter) (D)
  A slime creature (D)
  A basilisk (D)
  A hog (D)
  A floating eye (shapeshifter) (D)
  A wolf (D)
  4 jellies (D)
11 creatures vanquished.

Grand Total: 28 creatures vanquished

Notes
Turn   | Place    | Note
-------+----------+-------------------------------------------
     0 | D        | Groucho the Demonspawn Gladiator began the quest for the
                  | Orb.
     0 | D        | Reached XP level 1. HP: 16/16 MP: 1/1
     7 | D        | Reached skill level 1 in Invocations
    12 | D        | Reached skill level 1 in Armour
    19 | D        | Noticed an ogre
    19 | D        | Noticed an ogre
    22 | D        | Killed an ogre
    23 | D        | Reached skill level 4 in Invocations
    23 | D        | Gained mutation: You have sharp fingernails. [demonic
                  | ancestry]
    23 | D        | Reached XP level 2. HP: 21/25 MP: 3/5
    23 | D        | Gained mutation: You may rarely emit foul miasma when
                  | damaged in melee. [demonic ancestry]
    23 | D        | Reached XP level 3. HP: 26/30 MP: 3/6
    23 | D        | Gained mutation: You have very sharp fingernails. [demonic
                  | ancestry]
    23 | D        | Reached XP level 4. HP: 32/37 MP: 3/7
    25 | D        | Reached skill level 5 in Invocations
    29 | D        | Killed an ogre
    30 | D        | Reached skill level 5 in Fighting
    30 | D        | Reached skill level 5 in Axes
    30 | D        | Reached skill level 5 in Dodging
    30 | D        | Reached skill level 6 in Invocations
    30 | D        | Reached XP level 5. HP: 15/44 MP: 3/9
    37 | D        | Found a snail-covered altar of Cheibriados.
    37 | D        | Found a shadowy altar of Dithmenos.
    37 | D        | Found a blossoming altar of Fedhas.
    37 | D        | Found an opulent altar of Gozag.
    38 | D        | Found a hazy altar of Hepliaklqana.
    39 | D        | Found a viscous altar of Jiyva.
    40 | D        | Found an ancient bone altar of Kikubaaqudgha.
    41 | D        | Found a corrupted altar of Lugonu.
    42 | D        | Found a burning altar of Makhleb.
    43 | D        | Found a sparkling altar of Nemelex Xobeh.
    44 | D        | Found an iron altar of Okawaru.
    45 | D        | Found a stormy altar of Qazlal.
    46 | D        | Found a sacrificial altar of Ru.
    47 | D        | Became a worshipper of Jiyva Jiudde the Shapeless
    48 | D        | Found a shimmering blue altar of Sif Muna.
    48 | D        | Killed a basilisk
    49 | D        | Found a bloodstained altar of Trog.
    49 | D        | Killed a slime creature
    50 | D        | Found a hide-covered altar of Uskayaw.
    51 | D        | Found a radiant altar of Vehumet.
    52 | D        | Found an ornate altar of the Wu Jian Council.
    53 | D        | Found a shimmering altar of Xom.
    53 | D        | Killed a great orb of eyes
    54 | D        | Found a basalt altar of Yredelemnul.
    55 | D        | Killed a great orb of eyes
   105 | D        | Noticed a hornet
   105 | D        | Noticed an acid dragon
   105 | D        | Noticed an orc warrior
   105 | D        | Noticed a wyvern
   105 | D        | Noticed a yak
   115 | D        | Paralysed by a hornet for 3 turns
   115 | D        | Killed a hornet
   116 | D        | Reached skill level 5 in Armour
   116 | D        | Reached skill level 8 in Invocations
   116 | D        | Gained mutation: You sometimes emit foul miasma when
                  | damaged in melee. [demonic ancestry]
   116 | D        | Reached XP level 6. HP: 24/53 MP: 9/12
   126 | D        | Killed an acid dragon
   127 | D        | Gained mutation: You have a somewhat thin skeletal
                  | structure. (Dex +2, Stealth+) [demonic ancestry]
   127 | D        | Reached XP level 7. HP: 29/60 MP: 10/13
   133 | D        | Reached skill level 9 in Invocations
   138 | D        | Killed a wyvern
   149 | D        | Killed a yak
   150 | D        | Reached skill level 10 in Invocations
   165 | D        | Killed a hog
   379 | D        | Noticed a green ugly thing
   379 | D        | Noticed an efreet
   379 | D        | Noticed a tengu warrior
   379 | D        | Noticed a manticore
   379 | D        | Noticed a seven-headed hydra
   383 | D        | Killed a green ugly thing
   384 | D        | Reached XP level 8. HP: 42/68 MP: 15/15
   395 | D        | Slain by an efreet

Illustrated notes

Levels and vault maps discovered:
D:        linesprint [early_d, line_temple, items_1, d_10, items_2, lair_1,
          lair_end, items_3, orc_1, orc_end, items_4, d_15, swamp_1, shoals_1,
          snake_1, spider_1, d_20, vaults_1, items_5, swamp_end, shoals_end,
          snake_end, spider_end, vaults_end, d_27, items_6, zot_1, zot_end,
          crypt_end, forest_end, elf_end, slime_end, tomb_end, abyss_end,
          pan_hell_end]

Skill      XL: |  1  2  3  4  5  6  7 |
---------------+----------------------+-----
Invocations    | 4 6 8 10 | 10.2
Axes           | 4 5 6 7 |  7.8
Dodging        | 4 5 6 7 |  7.8
Armour         | 3 4 5 6 7 |  7.1
Fighting       | 4 5 6 7 8 |  8.2
Throwing       | |  1.7

Action                     |  1- 3 |  4- 6 |  7- 9 || total
---------------------------+-------+-------+-------++-------
  Melee: War axe           |    11 |    23 |    33 ||    67
    Use: Potion            |     1 |     2 |     3 ||     6
   Stab: Invisible         |       |     6 |     1 ||     7
 Armour: Leather armour    |     4 |       |       ||     4
         Ring mail         |       |       |     5 ||     5
  Dodge: Dodged            |     7 |    19 |    15 ||    41
